[Event "44th Chess Olympiad Open 2022"]
[Site "Chennai"]
[Date "2022.07.30"]
[Round "2.48"]
[White "Miswadah, Baha"]
[Black "Mushore, Emarald Takudzwa"]
[Result "0-1"]
[ECO "D02"]
[WhiteElo "1985"]
[BlackElo "2153"]
[Annotator "TA"]
[PlyCount "114"]
[EventDate "2022.07.29"]
[EventType "team-tourn"]
[EventCountry "IND"]
[SourceTitle "playchess.com"]
[Source "ChessBase"]
[SourceQuality "1"]
[WhiteTeam "Palestine"]
[BlackTeam "Zimbabwe"]
[WhiteTeamCountry "PLE"]
[BlackTeamCountry "ZIM"]
[TimeControl "40/5400+30:1800+30"]

1. d4 Nf6 2. Bf4 e6 3. e3 d5 4. Nf3 Bd6 5. Bg3 O-O 6. Bd3 c5 7. c3 Nc6 {[%emt 0:00:10] 7...Qc7 deserves study.} 8. Nbd2 Re8 9. Ne5 Ne7 {[%emt 0:00:44] D02: 1 d4 d5 2 Nf3 sidelines, including 2...Nf6 3 g3 and 2...Nf6 3 Bf4.} 10. f4 b6 11. Qf3 Bb7 {[%emt 0:00:23] The position is equal.} 12. Bf2 {[%emt 0:04:59] [#]} Qc8 $146 ({Predecessor:} 12... Rc8 13. g4 Bb8 14. g5 Ne4 15. Nxe4 dxe4 16. Bxe4 Bxe4 17. Qxe4 Qd5 18. Qxd5 exd5 {0-1 (62) Pisu,R (2304)-Cioara,A (2444) Cap Aurora 2018}) 13. g4 (13. Bh4 $5 Nf5 14. Bxf6 gxf6 15. Qg4+ Kf8 16. Qh5 (16. Bxf5 exf5 17. Qh3 Qe6 $17) 16... fxe5 17. fxe5 $16) 13... Nd7 14. Qh3 (14. g5 $14) 14... Nf8 $11 15. Rg1 ({Better is} 15. g5 $11) 15... Ba6 $15 16. Bc2 b5 (16... cxd4 $15 17. exd4 f6) 17. Qh5 (17. dxc5 $11 {remains equal.} Bxe5 18. fxe5) 17... Bxe5 $17 18. dxe5 Neg6 (18... b4 $17) 19. Nf3 (19. h4 $15) 19... Qb7 {[%emt 0:04:08] [#] ...b4 is the strong threat.} 20. Nd2 b4 {[%emt 0:03:19] Strongly threatening ...bxc3.} 21. Rb1 Qb5 22. c4 $2 {[%emt 0:02:04][%mdl 8192] This costs White the game.} (22. g5 $17) 22... Qa5 (22... dxc4 $142 23. g5 Rad8) 23. Bb3 $19 Rad8 24. Ke2 (24. g5 {was called for.}) 24... Qc7 ({Don't go for} 24... dxc4 $2 25. Nxc4 Nd7 26. Kf3 Bxc4 27. Bxc4 $19) 25. Rbd1 $2 (25. Bg3 {is more resistant.}) 25... Qc6 26. Bg3 dxc4 27. Nxc4 (27. Bxc4 $142 Rxd2+ 28. Rxd2 Bxc4+ 29. Kf2) 27... Qe4 28. Rc1 Rd4 (28... Rd3 $142 {( -> ...Rxe3+)} 29. g5 Red8) 29. Kf2 {[%emt 0:01:11] [#]} Bxc4 $1 30. Bxc4 Rxc4 31. g5 Rd8 32. Qe2 {[%emt 0:00:16] Against Rd2} Rxc1 33. Rxc1 Rd5 34. Rc4 Qh1 35. e4 (35. Qe1 $142 Qxe1+ 36. Kxe1) 35... Rd1 36. Ke3 Rc1 37. Kd2 Rg1 {[%emt 0:00:37] White must now prevent ...Rg2.} 38. Ke3 Rg2 39. Qf3 Qg1+ 40. Bf2 Qxh2 41. Rxc5 Qxf4+ 42. Qxf4 Nxf4 43. Ra5 Nh3 44. Be1 Rxb2 45. Rxa7 Nxg5 46. Kd3 Nf3 47. Bg3 g5 48. Ke3 g4 {[%emt 0:00:00] Hoping for ...h5.} 49. a4 h5 {[%emt 0:00:00] aiming for ...Rb3+.} 50. a5 Rb3+ 51. Kf2 Ng6 {[%emt 0:00:00] Black mates.} 52. a6 h4 53. Bxh4 Nfxh4 54. Ra8+ Kg7 55. a7 Ra3 56. Rb8 g3+ 57. Kf1 Ra2 {[%emt 0:00:00] Weighted Error Value: White=1.02/Black=0.57} 0-1

[Event "44th Chess Olympiad Open 2022"]
[Site "Chennai"]
[Date "2022.07.30"]
[Round "2.48"]
[White "seder mohamad"]
[Black "Mwadzura, Roy"]
[Result "1/2-1/2"]
[ECO "C05"]
[WhiteElo "1950"]
[BlackElo "2093"]
[Annotator "TA"]
[PlyCount "113"]
[EventDate "2022.07.29"]
[EventType "team-tourn"]
[EventCountry "IND"]
[SourceTitle "playchess.com"]
[Source "ChessBase"]
[SourceQuality "1"]
[WhiteTeam "Palestine"]
[BlackTeam "Zimbabwe"]
[WhiteTeamCountry "PLE"]
[BlackTeamCountry "ZIM"]
[TimeControl "40/5400+30:1800+30"]

1. e4 e6 2. d4 d5 3. Nd2 Nf6 4. e5 Nfd7 5. f4 c5 6. c3 Nc6 7. Ndf3 Qb6 8. a3 $1 {[%emt 0:00:30][%mdl 4] is more profitable than 8.g3 at the moment.} a5 9. Ne2 {[%emt 0:01:38][%cal Of4f5] C05: French Tarrasch: 3...Nf6 4 e5 Nfd7, 5 f4 and 5 Bd3 sidelines.} f6 (9... a4 $11) 10. g3 $14 a4 11. Bh3 {[%emt 0:02:49] White is slightly better.} f5 {[%emt 0:03:37] [#]} 12. g4 $146 ({Predecessor:} 12. Qc2 Be7 13. Be3 Na5 14. Nd2 Qc6 15. O-O b5 16. g4 g6 17. gxf5 gxf5 18. Bg2 {0-1 (42) Vaisalie,K (1581)-Chitlange,S (1712) Puducherry 2013}) 12... g6 13. gxf5 exf5 (13... gxf5 $14 14. Ng5 Ne7) 14. Bg2 $16 Be7 15. h4 h5 (15... Nf8 $16 16. dxc5 Bxc5) 16. O-O (16. c4 $1 $18 {is more deadly.}) 16... cxd4 17. cxd4 (17. Nexd4 $6 Nc5 $14) 17... Qd8 18. Ng5 Nb6 19. Kh2 Na5 20. Nc3 Nac4 (20... Bxg5 $16 {was necessary.} 21. fxg5 Nb3) 21. b3 (21. Bf3 $18) 21... axb3 22. Qxb3 {[%emt 0:01:55][%cal Oc3d5] Threatens to win with Nxd5!} Ra5 23. a4 O-O 24. Rd1 (24. Bf3 $16) 24... Kh8 (24... Bxg5 $14 25. hxg5 (25. fxg5 f4 $14) 25... Be6) 25. Bd2 Bxg5 26. hxg5 (26. fxg5 $6 f4 27. Nb5 Nxd2 28. Rxd2 f3 $11) 26... Be6 27. Nb5 Nxd2 28. Rxd2 {[%emt 0:00:03] Bf1 is the strong threat.} Nc4 29. Re2 Qb6 30. Rb1 Rfa8 31. Ra2 {[%emt 0:03:24] White is more active.} (31. Qd3 $14) 31... Kg8 (31... Rxb5 $1 $11 32. Qxb5 (32. axb5 Rxa2 33. Qxa2 Qxd4 $11) 32... Qxd4) 32. Kh1 R5a6 33. Nd6 ({White should play} 33. Bf3 $14) 33... Qxd4 $11 34. Qxb7 {[%emt 0:01:31] Strongly threatening Qe7.} Qxf4 35. Bxd5 {[%emt 0:00:59] The board is on fire.} Qxe5 36. Bxc4 {[%emt 0:03:00] Hoping for Re2.} Qxd6 37. Bxe6+ (37. Rd2 $17 Qxd2 38. Bxe6+ Rxe6 39. Qxa8+ Kf7 40. Rb7+ Re7 41. Rxe7+ Kxe7 42. Qb7+ Qd7 43. Qb4+ Qd6 44. Qb2) 37... Qxe6 $19 38. Rc1 (38. Raa1 {was called for.}) 38... R6a7 (38... Qxa2 $2 39. Rc8+ Rxc8 40. Qxc8+ Kg7 41. Qxa6 $19) 39. Qc6 (39. Qg2) 39... Qxc6+ $2 (39... Qxa2 $19 40. Qxg6+ Rg7 41. Qxf5 Qf7 42. Qxf7+ Kxf7 43. Rc7+ Kg6) 40. Rxc6 {[%emt 0:00:01][%mdl 4096] Endgame KRR-KRR} Ra6 ({But not} 40... Rxa4 $6 41. Rxa4 Rxa4 42. Rxg6+ Kh7 43. Rf6 $11) 41. Rac2 Rxc6 $1 ({Of course not} 41... Rxa4 $6 42. Rxg6+ Kh8 43. Rh6+ Kg8 44. Rg6+ Kf8 45. Rf6+ Ke8 46. Rxf5 $11) 42. Rxc6 $17 {[%emt 0:00:08] [#] KR-KR} Kf7 ({Don't play} 42... Rxa4 $6 43. Rxg6+ Kh7 44. Rf6 $11) 43. Rc7+ Ke6 44. Rc6+ {[%emt 0:00:00] [#]} Ke5 $1 45. Rxg6 Rxa4 46. Rb6 Rh4+ (46... Kf4 $17 47. g6 Ra7) 47. Kg2 $11 {[%emt 0:00:00] The position is equal.} Rg4+ 48. Kf3 h4 {[%emt 0:00:00] White should prevent ...Rg3+.} 49. Rb5+ Ke6 50. Rb6+ Ke7 51. Rh6 (51. Rg6 {looks sharper.} h3 52. Rh6 h2 53. Rxh2 Rxg5 54. Kf4) 51... Rxg5 52. Rxh4 Kf6 53. Ra4 Rg1 54. Ra8 Rb1 55. Rf8+ Ke6 56. Re8+ Kf7 57. Ra8 {[%emt 0:00:00] Quite a comeback for White.  Weighted Error Value: White=0.33/Black=0.28 (precise)} 1/2-1/2

[Event "44th Chess Olympiad Open 2022"]
[Site "Chennai"]
[Date "2022.07.30"]
[Round "2.49"]
[White "Khairallah, Faisal"]
[Black "Soriano, Rudolph P."]
[Result "1-0"]
[ECO "B00"]
[WhiteElo "2239"]
[BlackElo "1824"]
[Annotator "TA"]
[PlyCount "67"]
[EventDate "2022.07.29"]
[EventType "team-tourn"]
[EventCountry "IND"]
[SourceTitle "playchess.com"]
[Source "ChessBase"]
[SourceQuality "1"]
[WhiteTeam "Lebanon"]
[BlackTeam "GUM"]
[WhiteTeamCountry "LBN"]
[TimeControl "40/5400+30:1800+30"]

1. e4 Nc6 2. d4 e5 3. d5 Nce7 4. Nf3 Ng6 5. h4 h5 6. Bg5 {[%emt 0:13:18] B00: Queen's Fianchetto Defence, Nimzowitsch Defence.} Nf6 7. Be2 {[%emt 0:06:06] [#]} b6 $146 ({Black should play} 7... Bc5 $14) ({Predecessor:} 7... Bc5 8. Nc3 c6 9. O-O Qc7 10. g3 d6 11. Bxf6 gxf6 12. dxc6 bxc6 13. Na4 Bb6 {½-½ (39) Kuosmanen,K (2263)-Soszynski,M (2261) ICCF email 2018}) 8. g3 $16 {[%emt 0:02:25] White is better.} Qe7 9. Nfd2 Qb4 (9... c6 {might work better.} 10. Nc3 b5) 10. Nc3 $18 a6 11. a3 Qe7 (11... Qxb2 $2 12. Na4 Qxa1 13. Qxa1 $18) 12. Bxh5 Qd6 (12... Qd8 $142 13. d6 cxd6) 13. Bxg6 fxg6 14. Nc4 Qe7 15. d6 cxd6 {[%emt 0:03:51] [#]} (15... Qe6) 16. Nd5 Qd8 17. Ncxb6 {[%emt 0:00:50] Pair of Knights!} Rb8 18. Nxc8 Rxc8 19. Qd3 Rc6 20. O-O Be7 21. c4 O-O 22. Rac1 Nxd5 23. Qxd5+ Kh7 24. Be3 Bxh4 $2 (24... g5 {was worth a try.} 25. hxg5 Bxg5) 25. Kg2 {[%emt 0:00:18] White is clearly winning.} Qf6 26. f3 ({Not} 26. gxh4 Qf3+ 27. Kh2 Rf4 28. Bxf4 Qxf4+ 29. Kh3 Qf3+ 30. Kh2 Qf4+ 31. Kg2 Qg4+ 32. Kh1 Qh3+ 33. Kg1 Qg4+ 34. Kh2 Qf4+ $11) 26... g5 27. Rf2 {[%emt 0:03:49] Active counter play!} Kg6 28. gxh4 gxh4 29. Rg1 Kh7 30. Kh3 g6 31. Rg4 Rh8 32. f4 {[%emt 0:00:30] [#] White wants to mate with f5.} Qe6 33. Qxe6 dxe6 34. Rxh4+ {[%emt 0:00:13] Black did not feel at home in the position after the opening.  Weighted Error Value: White=0.18 (very precise) /Black=0.55} 1-0

[Event "44th Chess Olympiad Open 2022"]
[Site "Chennai"]
[Date "2022.07.30"]
[Round "2.49"]
[White "Khoder, Akram"]
[Black "Mafnas, Peter"]
[Result "1-0"]
[ECO "D11"]
[WhiteElo "2038"]
[BlackElo "2039"]
[Annotator "TA"]
[PlyCount "95"]
[EventDate "2022.07.29"]
[EventType "team-tourn"]
[EventCountry "IND"]
[SourceTitle "playchess.com"]
[Source "ChessBase"]
[SourceQuality "1"]
[WhiteTeam "Lebanon"]
[BlackTeam "GUM"]
[WhiteTeamCountry "LBN"]
[TimeControl "40/5400+30:1800+30"]

1. d4 d5 2. c4 c6 3. Nf3 Nf6 4. g3 Bf5 5. Nc3 e6 6. Qb3 {[%emt 0:01:14] D11: Slav Defence: 3 Nf3 sidelines and 3...Nf6 4 e3 Bg4.} Qb6 7. c5 Qxb3 8. axb3 {[%emt 0:00:04] The position is equal.} Be7 9. b4 a6 10. Bf4 O-O {[%emt 0:00:23] [#]} 11. Bg2 $146 ({Predecessor:} 11. Nd2 Nbd7 12. f3 Bg6 13. e4 h6 14. Be2 Rad8 15. Nb3 dxe4 16. Na5 Nb8 17. O-O-O {½-½ (51) Shariyazdanov,A (2526)-Goganov,A (2559) Voronezh 2019}) 11... Nh5 12. Be3 Nd7 13. Nd2 e5 14. Nb3 Bc2 15. Na5 Rab8 16. Bh3 exd4 17. Bxd4 Bf6 (17... Nhf6 $11) 18. e3 (18. Kd2 $16) 18... Ne5 $11 19. Kd2 Be4 (19... Bg6 $11 {keeps the balance.}) 20. Nxe4 $16 dxe4 21. Bg2 Nd3 {[%emt 0:04:09] [#]} 22. Rhf1 (22. f3 $1 $16) 22... Rfd8 (22... Nxb4 $14 23. Ra4 (23. Bxe4 Bxd4 24. exd4 Nf6 $11) 23... Bxd4 24. exd4 Nd5) 23. Bxe4 Nxb4 {[%emt 0:00:24] [#]} 24. Nb3 {[%emt 0:00:33] White is more active.} (24. Ra4 $1 $16 Nd5 25. Bf3 Bxd4 26. Rxd4) 24... g6 25. Ke2 Bxd4 26. Nxd4 f5 27. Bf3 Nf6 28. Rfd1 Kf7 29. Ra4 Nbd5 30. Nb3 Nc7 31. Rxd8 $1 Rxd8 32. Na5 Rb8 33. Rd4 Nfd5 (33... Ne6 $11) 34. h4 Ne6 $2 {[%emt 0:00:27] A mistake that costs the game.} (34... Nf6 $14) 35. Bxd5 $18 cxd5 36. Rxd5 {[%emt 0:00:05] Black must now prevent Rd7+.} Rd8 {[%emt 0:01:50] Inhibits Rd7+.} (36... b6) 37. Rxd8 Nxd8 {[%emt 0:00:08][%mdl 4096] Endgame KN-KN} 38. Kd3 Ke6 39. Kd4 h6 {[%emt 0:01:20] White is clearly winning.} 40. b3 Kd7 41. Kd5 Kc7 42. f3 Kd7 {[%emt 0:00:28] [#]} 43. Nxb7 $1 Nxb7 (43... Nc6 44. Nd6) 44. c6+ Kc7 45. cxb7 Kxb7 46. g4 Kb6 47. e4 fxg4 48. fxg4 {[%emt 0:00:06] Weighted Error Value: White=0.15 (very precise) /Black=0.38} 1-0

[Event "44th Chess Olympiad Open 2022"]
[Site "Chennai"]
[Date "2022.07.30"]
[Round "2.49"]
[White "Estur, Gavino Aguilar"]
[Black "Kassis, Antoine"]
[Result "0-1"]
[ECO "B20"]
[WhiteElo "1598"]
[BlackElo "2202"]
[Annotator "TA"]
[PlyCount "94"]
[EventDate "2022.07.29"]
[EventType "team-tourn"]
[EventCountry "IND"]
[SourceTitle "playchess.com"]
[Source "ChessBase"]
[SourceQuality "1"]
[WhiteTeam "GUM"]
[BlackTeam "Lebanon"]
[BlackTeamCountry "LBN"]
[TimeControl "40/5400+30:1800+30"]

1. e4 c5 2. Nc3 a6 3. a4 e6 4. Bc4 Nf6 5. e5 d5 6. exd6 {[%emt 0:02:36] B20: Sicilian: Unusual White 2nd moves.} Bxd6 7. d3 h6 8. Nf3 {[%emt 0:01:36] The position is equal.} O-O 9. O-O Nc6 {[%emt 0:00:27] [#]} 10. Ne4 $146 ({Predecessor:} 10. Be3 Na5 11. Ba2 b6 12. d4 Bb7 13. dxc5 bxc5 14. Qe2 Ng4 15. h3 Bxf3 16. Qxf3 Nh2 17. Qh5 Nxf1 18. Kxf1 Qb8 {0-1 (18) Zmolil,K (1326)-Vio,M (1435) LSS email 2014}) 10... Nxe4 11. dxe4 Qc7 12. h3 Rb8 13. c3 b5 14. axb5 axb5 15. Bd3 Rd8 16. Qe2 c4 17. Bc2 Bb7 18. Be3 Ra8 19. Nd4 Nxd4 20. cxd4 Bh2+ 21. Kh1 {[%emt 0:00:39] Black must now prevent Rxa8.} Bf4 22. Qg4 (22. Rxa8 $11 {keeps the balance.} Rxa8 23. e5) 22... Rxa1 23. Rxa1 Bxe3 24. fxe3 b4 25. Qe2 $2 (25. Rc1 $17) 25... b3 $19 26. Bd1 (26. Bb1 c3 27. bxc3) 26... Bxe4 27. Rc1 Qg3 {[%emt 0:03:54] Hoping for ...Rd5.} 28. Rxc4 {[%emt 0:00:56] [#]} Qxh3+ $2 (28... Ra8 $1 $19 {[%cal Ra8a1] is more deadly. ( -> ...Ra1)} 29. Rc1 Ra5) 29. Kg1 $17 Qg3 {[%emt 0:02:07] And now ...Ra8 would win. 0x0.001e3cd61464dp-1022s more active pieces.} 30. Bxb3 $2 {[%emt 0:00:39][%mdl 8192] [#]} (30. Qf2 $17 {is a better chance.} Qb8 31. Rc5) 30... Bxg2 $1 $19 31. Qf2 (31. Qxg2 Qxe3+) 31... Qh3 32. Qf4 (32. Qxg2 $142 Qxe3+ 33. Kf1 Qxb3 34. Qe2) 32... Bd5 (32... Qh1+ $142 33. Kf2 g5) 33. Kf2 Qg2+ {[%emt 0:00:12] Black mates.} 34. Ke1 Bxc4 35. Bxc4 Qxb2 {[%emt 0:01:40] KQR-KQB} 36. Be2 Rc8 37. Kf2 Rc2 38. Qf3 {[%emt 0:00:12] [#]} Rxe2+ $1 39. Qxe2 Qxe2+ 40. Kxe2 {[%emt 0:00:25] KP-KP} Kf8 41. Kf3 Ke7 42. Kf4 g5+ 43. Kg4 f5+ 44. Kh5 g4 45. Kh4 Kd6 46. Kg3 Kd5 47. Kf4 h5 {[%emt 0:00:16] Weighted Error Value: White=0.80/Black=0.38} 0-1

[Event "44th Chess Olympiad Open 2022"]
[Site "Chennai"]
[Date "2022.07.30"]
[Round "2.50"]
[White "Kett, Tim"]
[Black "Napoleao, Lourenco"]
[Result "1/2-1/2"]
[ECO "B77"]
[WhiteElo "2197"]
[BlackElo "1778"]
[Annotator "TA"]
[PlyCount "110"]
[EventDate "2022.07.29"]
[EventType "team-tourn"]
[EventCountry "IND"]
[SourceTitle "playchess.com"]
[Source "ChessBase"]
[SourceQuality "1"]
[WhiteTeam "Wales"]
[BlackTeam "Mozambique"]
[WhiteTeamCountry "WLS"]
[BlackTeamCountry "MOZ"]
[TimeControl "40/5400+30:1800+30"]

1. e4 c5 2. Nf3 d6 3. d4 cxd4 4. Nxd4 Nf6 5. Nc3 g6 6. Be3 Bg7 7. f3 O-O 8. Qd2 Nc6 9. Bc4 Nxd4 10. Bxd4 Be6 11. Bxe6 fxe6 12. O-O-O Qa5 13. Kb1 {[%emt 0:04:05] B77: Sicilian Dragon: Yugoslav Attack, 9 Bc4 sidelines.} Rac8 14. Rhe1 {[%emt 0:20:20] was the old line (14.h4).} Nd7 {[%emt 0:00:14] Prevents e5.} 15. Bxg7 Kxg7 16. Ne2 Qxd2 17. Rxd2 {[%emt 0:00:05] [#]} Kf7 $146 ({Predecessor:} 17... e5 18. Nc3 Nf6 19. Re3 Rc5 20. Na4 Rc6 21. Rb3 b6 22. a3 g5 23. Nc3 Kf7 {0-1 (42) Alarcon Careaga,G (2134)-Spata,G (2323) Buenos Aires 2018}) 18. b3 g5 19. c4 Rc5 20. Nc1 Ne5 21. Nd3 Nxd3 22. Rxd3 $11 {[%emt 0:00:07][%mdl 4096] Endgame KRR-KRR} Rfc8 23. Re2 a6 24. Kb2 h5 25. g3 Rh8 26. f4 {[%emt 0:05:52] The position is equal.} gxf4 27. gxf4 Rg8 28. Rg3 Rg4 29. Rxg4 hxg4 {[%emt 0:00:02] KR-KR} 30. Rg2 Rh5 31. Kc3 b6 32. Kd4 Kf6 33. b4 a5 34. bxa5 Rxa5 35. Rxg4 e5+ 36. fxe5+ dxe5+ 37. Kc3 Rxa2 38. Rh4 Kg6 39. Rh8 Kg7 40. Rb8 Rxh2 41. Rxb6 Rh3+ 42. Kb4 {[%emt 0:00:00] [#] c5 is the strong threat.} Re3 43. c5 {[%emt 0:00:00] Black must now prevent c6.} Rxe4+ 44. Kb5 Kf7 45. Kc6 Re1 46. Kb7 {[%emt 0:00:00] [#] c6 would kill now.} Rc1 47. c6 {[%emt 0:00:00] Hoping for c7.} Ke6 48. Rb2 e4 49. c7 Kd5 50. c8=Q Rxc8 51. Kxc8 e3 52. Kd7 Kd4 53. Kxe7 Kd3 54. Ke6 e2 55. Rxe2 Kxe2 {[%emt 0:00:15] Weighted Error Value: White=0.04 (flawless) /Black=0.03 (flawless)} 1/2-1/2

[Event "44th Chess Olympiad Open 2022"]
[Site "Chennai"]
[Date "2022.07.30"]
[Round "2.50"]
[White "Vasco Mateus Felizardo Viageir"]
[Black "Blackburn, Jonathan L B"]
[Result "0-1"]
[ECO "C16"]
[WhiteElo "1852"]
[BlackElo "2176"]
[Annotator "TA"]
[PlyCount "66"]
[EventDate "2022.07.29"]
[EventType "team-tourn"]
[EventCountry "IND"]
[SourceTitle "playchess.com"]
[Source "ChessBase"]
[SourceQuality "1"]
[WhiteTeam "Mozambique"]
[BlackTeam "Wales"]
[WhiteTeamCountry "MOZ"]
[BlackTeamCountry "WLS"]
[TimeControl "40/5400+30:1800+30"]

1. e4 e6 2. d4 d5 3. Nc3 Bb4 4. e5 b6 5. Bb5+ c6 6. Bd3 {[%emt 0:00:09] C16: French: 3 Nc3 Bb4 4 e5: Lines without ...c5.} Ba6 7. Nge2 Qc8 8. O-O {[%emt 0:09:14] [#] The position is equal.} Bf8 $146 (8... Ne7 $11) ({Predecessor:} 8... Bxd3 9. Qxd3 Qa6 10. Qg3 Bf8 11. f4 Ne7 12. Qf3 h5 13. Nd1 Nf5 14. Ne3 g6 {0-1 (33) Maghsoodloo,P (2698)-Xiong,J (2709) Chess.com INT 2021}) 9. f4 Ne7 {[%emt 0:03:34] Prevents f5.} 10. Kh1 h5 11. Be3 Bxd3 12. Qxd3 Qa6 13. Qd2 Nf5 14. Bf2 c5 15. Rad1 Nc6 16. a4 Rc8 17. dxc5 bxc5 ({Black should play} 17... Bxc5 $17 18. Bxc5 bxc5) 18. Ne4 Qc4 $17 19. N2c3 Ncd4 20. b3 Qb4 21. Ng5 Be7 22. Be1 (22. Qd3 $15) 22... a6 {[%emt 0:07:39] Black is more active.} 23. Qf2 (23. Nf3 $142) 23... Qb7 24. a5 h4 {[%emt 0:01:28][%cal Of5g3] White must now prevent ...Ng3+!} 25. Qd2 (25. Nh3 $17) 25... Qc7 (25... Bd8 $19 26. Qd3 c4 27. bxc4 Rxc4) 26. Na4 {[%emt 0:01:41] White does not recover from this.} (26. Bf2 $17 {is a better defense.}) 26... Bxg5 $19 27. fxg5 Qxe5 {[%emt 0:00:09] Strongly threatening ...h3.} 28. Nb6 Rd8 29. Bf2 $2 {[%emt 0:01:10] [#]} (29. Qf4 Qxf4 30. Rxf4) 29... Ng3+ $1 30. Bxg3 hxg3 31. h3 (31. Rde1 $19 Rxh2+ 32. Kg1) 31... Qe4 $1 {[%emt 0:00:18][%csl LRc2,LRh3] Black mates.} 32. Rde1 Rxh3+ 33. Kg1 {[%emt 0:00:28] [#]} Rh1+ $3 {[%emt 0:00:03][%mdl 512] Weighted Error Value: White=0.53/Black=0.15 (very precise)} 0-1

[Event "44th Chess Olympiad Open 2022"]
[Site "Chennai"]
[Date "2022.07.30"]
[Round "2.50"]
[White "Rafael Chirinza"]
[Black "Pleasants, Allan J"]
[Result "1/2-1/2"]
[ECO "A48"]
[WhiteElo "1725"]
[BlackElo "2024"]
[Annotator "TA"]
[PlyCount "112"]
[EventDate "2022.07.29"]
[EventType "team-tourn"]
[EventCountry "IND"]
[SourceTitle "playchess.com"]
[Source "ChessBase"]
[SourceQuality "1"]
[WhiteTeam "Mozambique"]
[BlackTeam "Wales"]
[WhiteTeamCountry "MOZ"]
[BlackTeamCountry "WLS"]
[TimeControl "40/5400+30:1800+30"]

1. d4 Nf6 2. Nf3 g6 3. Bf4 Bg7 4. e3 O-O 5. h3 d6 6. Nbd2 Nbd7 {[%emt 0:00:48] 6...b6 is the hot move.} 7. Bc4 Qe8 8. Bh2 {[%emt 0:02:28] [#] A48: 1 d4 Nf6 2 Nf3 g6: Torre, London and Colle Systems.} a6 $146 ({Predecessor:} 8... e5 9. dxe5 dxe5 10. e4 Nc5 11. Qe2 Nh5 12. O-O Nf4 13. Bxf4 exf4 14. c3 Be6 15. Rfe1 Rd8 16. b4 Na4 17. Nd4 Nxc3 {0-1 (17) Prohorov,O (2086)-Gaboyan,S (2254) Chess.com INT 2022}) 9. a4 b6 10. c3 Bb7 11. Qb3 e5 12. O-O Qe7 13. Rfd1 h6 14. Rac1 Rae8 15. Qa2 e4 16. Ne1 d5 17. Bf1 c5 18. Qa3 Qe6 19. c4 Rc8 20. cxd5 (20. Nc2 $14) 20... Nxd5 $11 21. dxc5 Rxc5 22. Nb3 (22. Nc4 $14) 22... Rxc1 23. Nxc1 Rc8 {[%emt 0:05:08] Against Bc4} 24. Ne2 Ne5 25. Nd4 Qe8 26. Qb3 Kh7 27. Nec2 Rd8 (27... Nd3 {is more complex.} 28. Bxd3 exd3 29. Rxd3 Nb4) 28. Na3 Nc6 {[%emt 0:03:49] Hoping for ...Nxd4.} (28... Nd3 {with more complications.} 29. Bxd3 exd3 30. Qxd3 Qxa4 31. Nc4 Bxd4 32. Qxd4 Rc8) 29. Nac2 Nxd4 30. Nxd4 Qe7 31. Bc4 Be5 $2 (31... Nb4 $11 {and Black stays safe.}) 32. Bxe5 $18 Qxe5 {[%emt 0:01:38] [#]} 33. Bxd5 (33. Bxa6 $1 $18 {[%mdl 512] and White stays clearly on top.} Ba8 34. Bc4) 33... Bxd5 $16 34. Qxb6 Rb8 35. Nc6 {[%emt 0:04:18] White is more active.} ({White should try} 35. Qxa6 {Qe2 is the strong threat.} Rxb2 36. a5) 35... Bxc6 36. Qxc6 Rxb2 37. Qxa6 {[%emt 0:00:51][%mdl 4096] Endgame KQR-KQR} Qf5 38. Qf1 ({Better is} 38. Rf1 $1 $16) 38... Qf6 $11 39. Rd4 Qb6 (39... Ra2 $1 $11) 40. Kh2 (40. Rxe4 $2 Rb1 41. Rd4 Rxf1+ 42. Kxf1 Qc6 $19) (40. a5 $14 Qxa5 41. Rxe4) 40... Qf6 41. Kg1 (41. Rxe4 $11 Rxf2 42. Qe1) 41... Qb6 $14 42. g3 ({Avoid the trap} 42. Rxe4 $2 Rb1 43. Rd4 Rxf1+ 44. Kxf1 Qc6 $19) 42... Rb1 43. Rd1 Rb2 {[%emt 0:00:00] [#]} (43... Rb4 $16) 44. Qc4 $1 $18 Qf6 {[%emt 0:00:00] [#]} 45. Rf1 Qf5 (45... Kg7 $16 46. Qxe4 Ra2) 46. Qd4 $2 (46. a5 $1 $18) 46... Ra2 $11 47. Qc4 $2 (47. h4 $11) 47... Rb2 $1 $18 48. Qc3 $2 (48. a5 $1 $18 {[%cal Ra5a6] and the rest is easy.}) 48... Ra2 $16 49. Qb3 Rd2 50. a5 {[%emt 0:00:00] aiming for a6.} Rd7 (50... Rd5 $16) 51. Qb6 $2 (51. Qa2 $18) 51... h5 $2 ({Much less strong is} 51... Qxh3 52. Qf6 $14) (51... Rd5 $1 $11 {and Black is okay.}) 52. a6 $18 {[%emt 0:00:00] Black must now prevent a7.} h4 $2 (52... Qxh3 {was called for.} 53. Qf6 (53. a7 h4 $11) 53... Qe6 54. Qxe6 fxe6) 53. a7 $2 (53. g4 $18 Qe6 54. Qxe6 fxe6 55. Rb1) 53... Qxh3 $11 {[%emt 0:00:43] The position is equal.} 54. Qb8 hxg3 55. fxg3 Rxa7 56. Qxa7 Qxg3+ {[%emt 0:00:09] Weighted Error Value: White=0.40/Black=0.33} 1/2-1/2